 Dungeon Crawl Stone Soup version 0.28-a0-1518-gbe868bca14 (webtiles) character file.

Game seed: 313662708859859333

29 hashsling the Slasher (level 3, -5/29 HPs)
             Began as a Human Cinder Acolyte on Jan 16, 2022.
             Was a High Priest of Ignis.
             Slain by Terence (11 damage)
             ... on level 2 of the Dungeon.
             The game lasted 00:02:06 (923 turns).

hashsling the Slasher (Human Cinder Acolyte)         Turns: 923, Time: 00:02:07

Health: -5/29      AC:  2    Str: 14    XL:     3   Next: 32%
Magic:  0/4        EV: 11    Int: 16    God:    Ignis [*****.]
Gold:   62         SH:  0    Dex:  8    Spells: 2/4 levels left

rFire   + . .      SeeInvis .   a - -1 falchion (flame)
rCold   . . .      Faith    .   (no shield)
rNeg    . . .      Spirit   .   b - +0 robe
rPois   .          Reflect  .   (no helmet)
rElec   .          Harm     .   (no cloak)
rCorr   .          Rampage  .   (no gloves)
Will    .....                   (no boots)
Stlth   +.........              (no amulet)
HPRegen 0.09/turn               (no ring)
MPRegen 0.09/turn               (no ring)

@: no status effects
A: no striking features
a: Renounce Religion, Fiery Armour, Foxfire Swarm, Rising Flame


You were on level 2 of the Dungeon.
You worshipped Ignis.
Ignis was extremely pleased with you.
You visited 1 branch of the dungeon, and saw 2 of its levels.

You collected 62 gold pieces.

Inventory:

Hand Weapons
 a - a -1 falchion of flaming (weapon)
Missiles
 g - 2 poisoned darts (quivered)
Armour
 b - a +0 robe (worn)
Scrolls
 c - a scroll of identify {unknown}
 e - a scroll of blinking {unknown}
Potions
 d - a potion of flight {unknown}
 f - a potion of resistance {unknown}


   Skills:
 + Level 3.4 Fighting
 * Level 3.8 Long Blades
 - Level 1.0 Spellcasting
 - Level 3.0 Fire Magic


You had 2 spell levels left.
You knew the following spells:

 Your Spells              Type           Power      Damage    Failure   Level
a - Scorch                Fire           20%        2d6       10%         2

Your spell library contained the following spells:

 Spells                   Type           Power      Damage    Failure   Level


Dungeon Overview and Level Annotations

Branches:
Dungeon (2/15)

Altars:

Annotations:
D:2 Terence


Message History

Confirm with . or Enter, or press ? or * to list all spells.
Flames lash the adder.
The adder is heavily wounded.
The adder's fire resistance burns away.
You closely miss the adder.
The adder is heavily wounded.
The adder barely misses you. The adder bites you.
You hit the adder. You burn the adder.
You kill the adder!
You have reached level 3!
Your experience leads to an increase in your attributes!
Increase (S)trength, (I)ntelligence, or (D)exterity?
You feel clever. x2
You hit the goblin. You burn the goblin.
You kill the goblin!
Terence the Incautious comes into view.
He is wielding a +2 mace of protection.
Found a stone staircase leading down.
Things that are here:
a +0 dagger; an adder corpse
Found 18 gold pieces.
Terence drinks a potion.
Terence goes berserk!
Throw: 3 darts (poison)
Press: ? - help, Q - select action, (/) - cycle Shift-Dir - straight line, f - Terence
Aim: Terence, wielding a +2 mace of protection and wearing a +0 chain mail (berserk, 62% to hit)
You throw a poisoned dart. The poisoned dart hits Terence.
Terence is poisoned.
Terence closely misses you.
Casting: Scorch (safe; 10% risk of failure)
Confirm with . or Enter, or press ? or * to list all spells.
Flames lash Terence.
Terence is moderately wounded.
Terence's fire resistance burns away.
Terence hits you with a +2 mace of protection!
Terence hits you with a +2 mace of protection.
* * * LOW HITPOINT WARNING * * *
Hit: a) -1 falchion (flame)
Press: ? - help, Dir - move target, f/p - Terence
Aim: Terence, wielding a +2 mace of protection and wearing a +0 chain mail (moderately wounded, berserk, poisoned, more vulnerable to fire, about 38% to evade your -1 falchion of flaming)
You hit Terence but do no damage.
Terence is moderately wounded.
Terence hits you with a +2 mace of protection!
You die...

#.....##.##..##
#######..⌠..##)# .#
#.....<....###.# .#
...P≈P.....###..# ..# #
##.P≈≈..#####...##..#.#
..≈≈≈P...........#....##
#.P≈♣≈.####.............
##P≈PP. #.####@..#####
#PP≈≈.# ..> #@..# P.≈≈PP
..# #...# .. #...# #..$#
#...# ...## ..## ###


You could see Terence (berserk, poisoned, combustible).

Vanquished Creatures
  An adder (D:2)
  A bat (D:1)
  3 endoplasms
  A giant cockroach (D:1)
  4 goblins
  3 hobgoblins
  A ball python (D:1)
  A frilled lizard (D:1)
  2 rats
17 creatures vanquished.

Vanquished Creatures (others)
  4 toadstools (D:1)
4 creatures vanquished.

Grand Total: 21 creatures vanquished

Notes
Turn   | Place    | Note
-------+----------+-------------------------------------------
     0 | D:1      | hashsling the Human Cinder Acolyte began the quest for the
                  | Orb.
     0 | D:1      | Reached XP level 1. HP: 18/18 MP: 2/2
   254 | D:1      | Reached XP level 2. HP: 24/24 MP: 3/3
   257 | D:1      | Learned a level 2 spell: Scorch
   909 | D:2      | Reached XP level 3. HP: 24/29 MP: 1/4
   912 | D:2      | Noticed Terence
   923 | D:2      | Slain by Terence

Illustrated notes

Levels and vault maps discovered:
D:1:      ldierk_water_garden, layout_basic
D:2:      layout_rooms, serial_bayou_lagoon_a, minmay_misc_feat_more_columns,
          chequers_serial_rivers_small_a, hangedman_feature_mirror, st_stairs_6,
          minmay_misc_feat_ornament, minmay_pentomino_t2, uniq_terence

Action                   || total
-------------------------++-------
Melee: Falchion          ||    22
Throw: Dart              ||     1
 Cast: Scorch            ||     8
Armor: Robe              ||     5
Dodge: Dodged            ||    19

Table legend: (Time is in decaauts)
 A = Elapsed time spent in this place.
 B = Non-inter-level travel time spent in this place.
 C = Inter-level travel time spent in this place.
 D = Time resting spent in this place.
 E = Time spent auto-exploring this place.
 F = Levels seen in this place.
 G = Mean time per level.
                   A        B        C        D        E       F      G
               +--------+--------+--------+--------+--------+-----+--------+
         Total |    932 |    920 |     12 |      0 |    756 |   2 |  466.0 |
       Dungeon |    932 |    920 |     12 |      0 |    756 |   2 |  466.0 |
               +--------+--------+--------+--------+--------+-----+--------+

Top non-repeatable levels by time:
     D:1: 832 daAuts
     D:2: 100 daAuts
